Map: 虚空撕裂

Players

邀月

  • Race: Protoss Protoss
  • League: Master
  • Spawn Location: 9:00

小狼啊小狼啊

  • Race: Terran Terran
  • Spawn Location: 6:00

VOD

Have the link to the VOD?

Description

Time

  • Played on: Feb. 28, 2018, 3:32 a.m.
  • Length: 16:55
Show
View Real Time Build Order
Export as new Build Order

邀月 Protoss 

Build Orders:  

Get SALT Encoding   

  12  0:03  Probe (Chrono Boost)  
  13  0:15  Probe (Chrono Boost)  
  14  0:27  Probe (Chrono Boost)  
  15  0:37  Pylon  
  16  0:40  Probe (Chrono Boost)  
  16  0:52  Probe (Chrono Boost)  
  17  1:04  Gateway, Probe (Chrono Boost)  
  18  1:12  Assimilator  
  18  1:16  Probe (Chrono Boost)  
  18  1:19  Assimilator  
  19  1:28  Probe (Chrono Boost)  
  21  1:40  Probe (Chrono Boost)  
  21  1:52  Probe (Chrono Boost), Forge  
  22  2:04  Probe (Chrono Boost), Legionnaire  
  22  2:07  Kaldalis' A.I. Personality  
  26  2:27  Probe (Chrono Boost)  
  27  2:39  Purifier Armaments  
  28  2:41  Probe (Chrono Boost)  
  28  2:42  Robotics Facility  
  28  2:50  Robotics Bay  
  28  3:28  Nexus  
  28  3:34  Colossus  
  28  3:57  Warbringer's A.I. Personality  
  35  4:10  Probe (Chrono Boost)  
  35  4:28  Probe (Chrono Boost)  
  36  4:39  Immortal  
  37  4:45  Probe (Chrono Boost)  
  37  4:56  Cybernetics Core  
  37  4:57  Taldarin's A.I. Personality  
  42  5:02  Probe (Chrono Boost)  
  42  5:09  Probe (Chrono Boost)  
  43  5:14  Purification Blast  
  43  5:19  Probe (Chrono Boost)  
  44  5:21  Probe (Chrono Boost)  
  45  5:33  Probe (Chrono Boost)  
  45  5:36  Probe (Chrono Boost)  
  47  5:41  Assimilator  
  47  5:45  Probe (Chrono Boost)  
  47  5:48  Assimilator  
  48  5:57  Probe (Chrono Boost)  
  48  5:59  Probe (Chrono Boost)  
  50  6:25  Immortal  
  50  6:29  Probe (Chrono Boost)  
  56  6:34  Probe (Chrono Boost)  
  56  6:39  Stargate, Legionnaire  
  56  6:43  Fleet Beacon  
  56  6:49  Warp Gate  
  56  6:51  Pylon  
  56  6:58  Twilight Council  
  56  6:59  Probe (Chrono Boost)  
  58  7:04  Probe (Chrono Boost)  
  58  7:12  Carrier  
  58  7:17  Probe (Chrono Boost)  
  58  7:18  Pylon  
  59  7:26  Immortal  
  59  7:27  Talis' A.I. Personality  
  59  7:28  Pylon  
  64  7:31  Probe (Chrono Boost)  
  64  7:41  Legionnaire  
  64  7:43  Pylon  
  73  7:54  Pylon  
  74  8:11  Probe (Chrono Boost)  
  74  8:14  Clolarion's A.I. Personality  
  74  8:17  Pylon  
  74  8:42  Observation Protocol  
  74  8:50  Adept  
  74  8:52  Immortal  
  74  8:57  Gateway  
  80  9:00  Gateway  
  80  9:03  Gateway  
  77  9:19  Scout  
  77  9:23  Gateway  
  77  9:24  Gateway  
  77  9:25  Robotics Facility  
  58  9:30  Mojo's A.I. Personality  
  73  10:15  Conservator  
  75  10:38  Conservator  
  69  10:59  Adept  
  69  11:00  Scout, Legionnaire  
  69  11:01  Legionnaire  
  69  11:03  Legionnaire  
  69  11:06  Immortal  
  85  11:11  Stargate, Conservator  
  85  11:13  Psionic Projection  
  85  11:26  Adept x2  
  85  11:27  Legionnaire x2  
  85  11:28  Scout  
  94  11:41  Immortal  
  94  11:46  Conservator  
  98  11:54  Legionnaire  
  98  11:55  Empowered Blades, Legionnaire  
  98  11:56  Scout  
  101  12:04  Pylon x2  
  101  12:07  Immortal  
  101  12:25  Protoss Ground Weapons Level 1  
  101  12:42  Adept, Legionnaire x5  
  101  12:45  Scout  
  101  12:47  Debilitation System  
  118  13:06  Scout  
  118  13:13  Conservator  
  118  13:14  Protoss Air Weapons Level 1  
  121  13:25  Pylon  
  121  13:27  Pylon  
  121  13:29  Pylon  
  121  13:50  Immortal  
  121  13:53  Immortal  
  126  14:10  Adept x2  
  126  14:11  Legionnaire  
  126  14:16  Conservator  
  130  14:24  Scout  
  115  14:34  Stargate  
  96  14:45  Adept x2, Legionnaire  
  96  14:46  Legionnaire  
  96  14:49  Legionnaire  
  103  15:05  Legionnaire  
  103  15:06  Legionnaire  
  106  15:10  Scout  
  96  15:35  Legionnaire  
  96  15:36  Legionnaire x2  
  103  15:58  Conservator  
  90  16:14  Adept x4  
  90  16:15  Adept x2  
Show
View Real Time Build Order
Export as new Build Order

小狼啊小狼啊 Terran 

Build Orders:  

Get SALT Encoding   

Tags
 
Commander
FenixRaynor
League
Master
Matchup
Co-op
Replay Pack
Co-op Speedrun
Add a new tag
Caveats
  • Supply blocks, unpowered buildings, or Contaminate may cause inaccurate times.
  • Supply counts are checked every 10 seconds.